 Dungeon Crawl Stone Soup version 0.19-a0-831-gce7da8b (webtiles) character file.

154607 4thArraOfDagon the Severer (level 16, -1/152 HPs)
             Began as a Minotaur Abyssal Knight on June 30, 2016.
             Was the Champion of Lugonu.
             Slain by a faun
             ... wielding a +0 quarterstaff
             ... led by a satyr
              (19 damage)
             ... on level 4 of the Shoals.
             The game lasted 01:15:38 (12447 turns).

4thArraOfDagon the Severer (MiAK)                  Turns: 12447, Time: 01:15:38

Health: -1/152     AC: 29    Str: 21      XL:     16   Next: 78%
Magic:  21/21      EV: 12    Int: 11      God:    Lugonu [******]
Gold:   1256       SH:  0    Dex: 10 (11) Spells: 0 memorised, 15 levels left

rFire  . . .     SeeInvis .     P - +2 battleaxe (vamp)
rCold  . . .     Gourm    .     a - +2 plate armour {rPois}
rNeg   . . .     Faith    .     (shield currently unavailable)
rPois  +         Spirit   .     j - +1 hat
rElec  .         Dismiss  .     l - +1 cloak
rCorr  .         Reflect  .     R - +0 pair of gloves {archery}
SustAt .         Harm     .     X - +0 pair of boots
MR     ++...     Rnd*Rage +     i - amulet of rage
Stlth  ..........               x - ring "Wiomuysu" {MR+ Str+2}
                                K - +4 ring of evasion

@: very resistant to hostile enchantments, extremely unstealthy
A: retaliatory headbutt, horns 2, slimy green scales 1, berserk 1, clumsy 1,
deterioration 1, dopey 1, low mp 1, regeneration 1, strong 1
a: Depart the Abyss, Bend Space, Banish, Corrupt, Enter the Abyss, Brand Weapon
With Distortion, Renounce Religion, Evoke Berserk Rage
}: 1/15 runes: gossamer


You were on level 4 of the Shoals.
You worshipped Lugonu.
Lugonu was exalted by your worship.
You were not hungry.

You visited 5 branches of the dungeon, and saw 31 of its levels.
You visited the Abyss 2 times.
You also visited: Labyrinth and Ice Cave.

You collected 2447 gold pieces.
You spent 1191 gold pieces at shops.

Inventory:

Hand Weapons
 F - a +1 vampiric hand axe
 P - a +2 vampiric battleaxe (weapon)
 V - a +3 broad axe of electrocution
Missiles
 G - 5 throwing nets (quivered)
Armour
 a - a +2 plate armour of poison resistance (worn)
 j - a +1 hat (worn)
 l - a +1 cloak (worn)
 M - a +0 troll leather armour
 R - a +0 pair of gloves of archery (worn)
 W - a +1 shield of protection
 X - a +0 pair of boots (worn)
Jewellery
 i - an amulet of rage (around neck)
 x - the ring "Wiomuysu" (right hand) {MR+ Str+2}
   (You found it on level 7 of the Dungeon)

   [ring of protection from magic]

   It affects your strength (+2).
   It affects your resistance to hostile enchantments.
 z - the macabre finger necklace {rN+}
   (You took it off a merfolk impaler on level 4 of the Shoals)

   [amulet of nothing]

   It protects you from negative energy.
 D - an uncursed ring of positive energy
 I - an uncursed ring of flight
 K - a +4 ring of evasion (left hand)
Wands
 e - a wand of polymorph (0/24)
 g - a wand of iceblast (0/15)
 t - a wand of digging (2/24)
 v - a wand of paralysis (16/24)
 L - a wand of slowing (24/48)
 O - a wand of enslavement (15/24)
 S - a wand of lightning (3/15)
 Y - a wand of iceblast (0/15)
Scrolls
 h - 4 scrolls of blinking
 k - a scroll of amnesia
 p - 10 scrolls of remove curse
 s - 2 scrolls of teleportation
 w - 3 scrolls of magic mapping
 y - a scroll of recharging
 A - 6 scrolls of noise
 C - a scroll of fear
 H - 2 scrolls of enchant armour
 J - 2 scrolls of fog
 T - 2 scrolls of immolation
Potions
 b - 2 potions of invisibility
 d - 4 potions of ambrosia
 f - 5 potions of curing
 n - 2 potions of lignification
 o - a potion of flight
 q - 3 potions of haste
 r - a potion of agility
 u - a potion of brilliance
 N - a potion of might
 Q - a potion of resistance
 U - a potion of cancellation {unknown}
 Z - 2 potions of cure mutation
Comestibles
 c - 10 bread rations
 m - 6 chunks of flesh
 B - 8 meat rations


   Skills:
 + Level 16.5 Fighting
 - Level 20.0 Axes
 + Level 17.6 Armour
 - Level 1.1 Dodging
 - Level 0.5 Shields
 + Level 12.0 Invocations
 - Level 6.1 Evocations


You had 15 spell levels left.
You didn't know any spells.

Dungeon Overview and Level Annotations

Branches:
Dungeon (15/15)              Lair (6/6) D:11         Shoals (4/4) Lair:2
 Spider (4/4) Lair:2        Slime (0/5) Lair:5          Orc (2/2) D:9
    Elf (0/3) Orc:2
 Temple: D:4-7       Vaults: D:13-14     Depths: D:15

Altars:
Cheibriados
Kikubaaqudgha
Trog
Vehumet
The Shining One
Beogh
Lugonu

Shops:
D:7 ?   D:8 *   D:10 [   Orc:2 }::?[

Annotations:
D:13 Maud
Shoals:4 Ilsuiw
Orc:2 corrupted
Abyss:1 Sonja


Innate Abilities, Weirdness & Mutations

You reflexively headbutt those who attack you in melee.
You have a pair of horns on your head.
You are partially covered in slimy green scales. (AC +2)
You tend to lose your temper in combat.
You are clumsy. (Dex -2)
Your body sometimes deteriorates upon taking damage.
You are dopey. (Int -2)
Your magical capacity is low. (-10% MP)
Your natural rate of healing is unusually fast.
Your muscles are strong. (Str +2)


Message History

Unknown command.
You slash the satyr!
You are no longer terrified.
You kill the satyr!
Lugonu accepts your kill.
You hear a splash. x3
Your Invocations skill increases to level 12!
You hit the faun. You slash the faun!
You feel better.
The faun splashes around in the water.
The faun shoots a stone.
The stone barely misses you.
You hear a splash.
The faun hits you with an uncursed quarterstaff!!
* * * LOW HITPOINT WARNING * * *
The faun hits you but does no damage.
Unknown command.
Unknown command.
Unknown command.
The faun closely misses you.
The faun hits you with an uncursed quarterstaff!!
You die...

≈≈≈≈≈≈≈≈≈≈≈≈≈≈≈≈≈≈≈≈
≈≈≈≈≈≈≈≈≈≈≈≈≈≈≈≈≈≈≈≈ ≈
≈≈≈≈≈≈≈≈≈≈≈≈≈≈≈≈≈≈≈≈≈ ≈
≈≈≈≈≈≈≈≈≈≈≈≈≈≈≈≈≈≈≈≈≈ ≈
≈≈≈≈≈≈≈≈≈≈≈≈≈≈≈≈≈≈≈≈≈≈ .
≈≈≈≈≈P≈≈≈≈≈≈≈≈≈≈≈≈≈≈≈≈ .
≈≈≈≈≈≈≈≈≈≈≈≈)#)##### .
≈m≈≈≈P≈≈≈c≈)#(≈≈≈≈≈# .
≈≈≈≈≈PP..@(#)((≈..#≈# .
≈≈PP≈≈...c.#)≈≈≈≈.)# .
≈≈≈≈≈...(cc#(≈.≈#≈..≈# .
≈P.........#c.≈≈##≈.≈# .
!≈...P.....#.#.≈≈≈≈.≈# .
...P...)P..#....≈...≈# .
P.PP..(.....#..#...≈## .
....P.<..?.......(..#.≈.≈≈##
≈
...........P.........######


You could see 4 fauns.

Vanquished Creatures
  Kirke (Lair:5)
  Donald (Orc:2)
  2 ghost moths (Spider:4)
  5 emperor scorpions
  An entropy weaver (Spider:1)
  A spark wasp (Spider:4)
  Snorg (Orc:2)
  6 merfolk impalers
  A minotaur (Lab)
  Josephine (Orc:1)
  Harold (Lair:1)
  2 merfolk avatars (Shoals:4)
  4 centaur warriors
  Erolcha (D:13)
  10 death yaks
  A merfolk aquamancer (Shoals:4)
  A catoblepas (Lair:6)
  2 ogre magi
  2 alligator snapping turtles
  A deep troll shaman (Lair:6)
  3 satyrs
  2 tengu warriors
  A fire crab (Lair:6)
  9 sea snakes
  An unseen horror (D:13)
  A lindwurm (Lair:6)
  A hill giant (D:10)
  7 harpies (Shoals:4)
  3 orc knights
  4 deep elf magi
  13 fauns
  A cyclops (D:14)
  5 orc sorcerers
  5 griffons
  19 wolf spiders
  6 orb spiders
  8 ugly things
  2 hornets (Spider:4)
  8 sirens
  A moth of wrath (Spider:4)
  8 manticores
  5 elephants (Lair:6)
  A naga mage (D:15)
  A torpor snail (Lair:4)
  6 water nymphs
  3 black mambas
  2 ice statues (Spider:1)
  4 spiny frogs (Lair:6)
  3 demonic crawlers
  2 komodo dragons
  An anaconda simulacrum (IceCv)
  A tengu conjurer (D:14)
  A golden dragon simulacrum (IceCv)
  20 merfolk
  3 polar bears
  15 jumping spiders
  7 trolls
  4 two-headed ogres
  3 wind drakes
  5 slime creatures (D:14)
  5 snapping turtles
  8 blink frogs
  2 shadows
  A spriggan (Spider:1)
  3 wraiths (Orc:1)
  6 water elementals
  13 tarantellas
  38 redbacks
  A human (D:12)
  2 wyverns
  3 hogs (Lair:5)
  A basilisk (D:14)
  11 yaks
  A warg (D:15)
  6 hippogriffs
  4 hungry ghosts
  6 water moccasins
  A hydra simulacrum (IceCv)
  3 porcupines
  20 orc warriors
  A phantom (D:12)
  2 sky beasts
  8 ice beasts
  6 wasps
  An eye of draining (D:11)
  A black bear (Lair:6)
  2 necrophages
  6 wolves
  11 ogres
  9 centaurs
  10 crocodiles
  2 big kobolds
  14 giant frogs
  A gnoll sergeant (D:9)
  5 scorpions
  4 killer bees (D:8)
  7 wights
  4 electric eels
  4 howler monkeys
  3 crimson imps
  A quasit (D:12)
  5 jellies
  12 orc priests
  4 centaur skeletons
  3 hounds
  27 orc wizards
  A giant frog skeleton (D:6)
  8 iguanas
  11 worker ants
  5 sheep (Lair:6)
  A hound skeleton (D:7)
  A killer bee simulacrum (D:8)
  3 gnolls (D:9)
  7 river rats (Lair:2)
  4 adders
  2 shadow imps (D:10)
  2 white imps (D:8)
  An ufetubus (D:8)
  An adder zombie (D:7)
  2 worms
  A dart slug (D:3)
  3 giant geckos
  64 orcs
  4 giant cockroaches
  6 goblins
  4 jackals (D:9)
  8 kobolds
  3 quokkas
  2 bats (D:1)
  2 giant newts
  A fungus (Lair:6)
  8 plants
683 creatures vanquished.

Vanquished Creatures (others)
  Rupert (Orc:2)
  A very ugly thing (IceCv)
  A spark wasp (Spider:4)
  6 hydras
  2 orb spiders
  5 orc sorcerers (Orc:2)
  2 ugly things (D:14)
  A gargoyle (D:14)
  A golden dragon simulacrum (IceCv)
  An anaconda simulacrum (IceCv)
  An efreet (D:14)
  A raiju (Spider:1)
  3 shadows
  A vampire (D:13)
  A hungry ghost (D:12)
  A warg (Orc:2)
  2 orc warriors
  A wasp (Spider:4)
  8 orc wizards (Orc:2)
  A worker ant (D:8)
  7 orcs (Orc:2)
  2 kobolds (D:12)
  2 fungi
  8 plants
60 creatures vanquished.

Grand Total: 743 creatures vanquished

Notes
Turn   | Place    | Note
--------------------------------------------------------------
     0 | Abyss:1  | 4thArraOfDagon the Minotaur Abyssal Knight began the quest for the Orb.
     0 | Abyss:1  | Reached XP level 1. HP: 19/19 MP: 1/1
    30 | Abyss:1  | Found a corrupted altar of Lugonu.
   106 | Abyss:2  | Noticed a wretched star
   106 | Abyss:2  | Noticed a starcursed mass
   107 | Abyss:2  | Noticed a quasit
   107 | D:1      | Escaped the Abyss
   213 | D:1      | Reached * piety under Lugonu
   245 | D:1      | Reached XP level 2. HP: 25/27 MP: 2/2
   278 | D:2      | Found a faded altar of an unknown god.
   313 | D:2      | Reached skill level 1 in Evocations
   315 | D:2      | Found a bloodstained altar of Trog.
   361 | D:2      | Reached XP level 3. HP: 23/33 MP: 3/3
   542 | D:4      | Noticed an ogre
   605 | D:5      | Entered Level 5 of the Dungeon
   675 | D:5      | Reached skill level 3 in Axes
   680 | D:5      | Reached XP level 4. HP: 40/40 MP: 4/4
   750 | D:5      | Found a snail-covered altar of Cheibriados.
   809 | D:6      | Reached XP level 5. HP: 38/46 MP: 5/5
   823 | D:6      | Reached skill level 4 in Axes
   830 | D:6      | Noticed a sky beast
   858 | D:6      | Killed a sky beast
   858 | D:6      | Reached XP level 6. HP: 52/52 MP: 5/7
   868 | D:5      | You fall through a shaft!
  1027 | D:6      | Reached skill level 5 in Axes
  1223 | D:7      | Reached XP level 7. HP: 59/60 MP: 8/8
  1234 | D:7      | Found Gemej's Magic Scroll Shoppe.
  1237 | D:7      | Reached ** piety under Lugonu
  1251 | D:7      | Got a glittering marble ring
  1252 | D:7      | Identified the ring "Wiomuysu" {MR+ Str+2} (You found it on level 7 of the Dungeon)
  1442 | D:7      | Bought a scroll of magic mapping for 45 gold pieces
  1442 | D:7      | Bought a scroll of enchant armour for 97 gold pieces
  1464 | D:8      | Noticed a polar bear
  1464 | D:8      | Noticed a two-headed ogre
  1558 | D:8      | Noticed a yak
  1563 | D:9      | Noticed a hippogriff
  1568 | D:9      | Reached skill level 5 in Fighting
  1572 | D:9      | Reached skill level 6 in Axes
  1574 | D:9      | Killed a hippogriff
  1574 | D:9      | Reached skill level 5 in Armour
  1574 | D:9      | Reached XP level 8. HP: 68/68 MP: 8/10
  1634 | D:9      | Found a staircase to the Orcish Mines.
  1731 | D:10     | Entered Level 10 of the Dungeon
  1758 | D:10     | Reached skill level 7 in Axes
  1762 | D:10     | Reached skill level 5 in Evocations
  1771 | D:10     | Reached *** piety under Lugonu
  1771 | D:10     | Reached XP level 9. HP: 75/75 MP: 10/12
  1821 | D:9      | Reached skill level 8 in Axes
  1915 | D:8      | Reached skill level 5 in Invocations
  1977 | D:10     | Gained mutation: Your natural rate of healing is unusually fast. [mutagenic meat]
  1980 | D:10     | Gained mutation: Your magical capacity is low. (-10% MP) [mutagenic meat]
  1983 | D:10     | Gained mutation: Your muscles are strong. (Str +2) [mutagenic meat]
  1989 | D:10     | Gained mutation: You are partially covered in slimy green scales. (AC +2) [mutagenic meat]
  1992 | D:10     | Gained mutation: You are dopey. (Int -2) [mutagenic meat]
  2060 | D:10     | Noticed a hill giant
  2072 | D:10     | Killed a hill giant
  2072 | D:10     | Reached skill level 9 in Axes
  2195 | D:11     | Noticed a troll
  2196 | D:11     | Noticed a manticore
  2208 | D:11     | Killed a troll
  2213 | D:11     | Killed a manticore
  2266 | D:11     | Reached XP level 10. HP: 86/86 MP: 0/12
  2401 | D:12     | Reached skill level 10 in Axes
  2455 | D:12     | Noticed a deep elf mage
  2457 | D:12     | Noticed a manticore
  2467 | D:12     | Killed a deep elf mage
  2470 | D:12     | Killed a manticore
  2495 | D:12     | Reached **** piety under Lugonu
  2656 | D:12     | Reached skill level 11 in Axes
  2852 | D:13     | Killed an unseen horror
  2897 | D:14     | Found a glowing golden altar of the Shining One.
  2919 | D:14     | Reached XP level 11. HP: 97/97 MP: 13/13
  2973 | D:14     | Noticed a death knight
  2980 | D:14     | Noticed a deep elf mage
  3059 | D:13     | Reached skill level 15 in Axes
  3059 | D:13     | Reached XP level 12. HP: 104/104 MP: 12/14
  3129 | D:13     | Noticed Maud
  3176 | D:15     | Entered Level 15 of the Dungeon
  3305 | D:15     | Noticed a tengu warrior
  3338 | D:15     | Killed a tengu warrior
  3456 | D:15     | Noticed a centaur warrior
  3477 | D:15     | Killed a centaur warrior
  3795 | D:13     | Noticed a centaur warrior
  3796 | D:13     | Noticed Sonja
  3796 | D:13     | Banished Sonja
  3810 | D:13     | Killed a centaur warrior
  3810 | D:13     | Reached skill level 16 in Axes
  3884 | D:13     | Cast into level 3 of the Abyss (Maud)
  3889 | Abyss:3  | Found a corrupted altar of Lugonu.
  3913 | D:13     | Escaped the Abyss
  3957 | D:13     | Noticed Erolcha
  3974 | D:13     | Killed Erolcha
  3996 | D:13     | Reached skill level 10 in Armour
  4110 | D:14     | Reached skill level 10 in Fighting
  4213 | D:14     | Noticed a centaur warrior
  4223 | D:14     | Killed a centaur warrior
  4301 | D:14     | Reached XP level 13. HP: 114/114 MP: 11/16
  4438 | D:15     | Reached skill level 17 in Axes
  4829 | D:10     | Found Keejujug's Armour Emporium.
  5072 | Orc:1    | Entered Level 1 of the Orcish Mines
  5218 | Orc:1    | Noticed Josephine
  5231 | Orc:1    | Killed Josephine
  5312 | Orc:1    | Reached ***** piety under Lugonu
  5407 | Orc:1    | Found a roughly hewn altar of Beogh.
  5528 | Orc:2    | Entered Level 2 of the Orcish Mines
  5528 | Orc:2    | Found Luekh's Gadget Shoppe.
  5613 | Orc:2    | Found a roughly hewn altar of Beogh.
  5629 | Orc:2    | Noticed Rupert
  5631 | Orc:2    | Corrupted Orc:2
  5631 | Orc:2    | Noticed a green very ugly thing
  5631 | Orc:2    | Noticed a bone dragon
  5637 | Orc:2    | Killed Rupert
  5642 | Orc:2    | Noticed a starcursed mass
  5685 | Orc:2    | Noticed Snorg
  5702 | Orc:2    | Killed Snorg
  5773 | Orc:2    | Found an ancient bone altar of Kikubaaqudgha.
  5781 | Orc:2    | Found Tasisk's Book Shoppe.
  5798 | Orc:2    | Reached skill level 18 in Axes
  5799 | Orc:2    | Found a radiant altar of Vehumet.
  5860 | Orc:2    | Found a roughly hewn altar of Beogh.
  5860 | Orc:2    | Found Reseint's Magic Scroll Emporium.
  5861 | Orc:2    | Found Kulenax's Book Shoppe.
  5888 | Orc:2    | Found Nifiptid's Antique Armour Emporium.
  5922 | Orc:2    | Bought a runed plate armour for 667 gold pieces
  5949 | Orc:2    | Bought a scroll of blinking for 105 gold pieces
  5949 | Orc:2    | Bought a scroll of enchant weapon for 105 gold pieces
  5949 | Orc:2    | Bought a scroll of identify for 28 gold pieces
  5949 | Orc:2    | Bought a scroll of identify for 28 gold pieces
  6109 | Orc:2    | Found a staircase to the Elven Halls.
  6121 | Orc:2    | Noticed Donald
  6193 | Orc:2    | Killed Donald
  6404 | D:8      | Paralysed by fainting for 7 turns
  6636 | D:8      | Found Wiffonewn's Assorted Antiques.
  6639 | D:8      | Bought a bronze wand for 116 gold pieces
  6841 | D:10     | WTF SERIOUSLU
  6924 | D:11     | Gained mutation: You are clumsy. (Dex -2) [potion of mutation]
  6924 | D:11     | Gained mutation: You tend to lose your temper in combat. [potion of mutation]
  6924 | D:11     | Gained mutation: Your body sometimes deteriorates upon taking damage. [potion of mutation]
  6935 | D:11     | Paralysed by fainting for 11 turns
  7031 | D:11     | Found a staircase to the Lair.
  7059 | Lair:1   | Entered Level 1 of the Lair of Beasts
  7129 | Lair:1   | Noticed Harold
  7145 | Lair:1   | Reached XP level 14. HP: 103/124 MP: 17/17
  7159 | Lair:1   | Killed Harold
  7362 | Lair:5   | Found a labyrinth entrance.
  7375 | Lab      | Entered a labyrinth
  7658 | Lab      | Reached skill level 19 in Axes
  7677 | Lab      | Got a bloodstained ring mail
  7677 | Lab      | Got a steaming scale mail
  7678 | Lab      | Identified Ezoi's Tome of Noxious Earth (You found it in a labyrinth)
  7678 | Lab      | Identified the +4 ring mail of the Bruised Blessings {Regen+} (You found it in a labyrinth)
  7690 | Lab      | Identified the +5 scale mail of Qyreorch {Int+2 Dex+3} (You found it in a labyrinth)
  7726 | Lair:6   | Entered Level 6 of the Lair of Beasts
  8038 | Lair:6   | Reached ****** piety under Lugonu
  8039 | Lair:6   | Reached skill level 20 in Axes
  8349 | Lair:5   | Noticed Kirke
  8360 | Lair:5   | Noticed a sphinx
  8366 | Lair:5   | Killed Kirke
  8624 | Lair:2   | Found a hole to the Spider Nest.
  8668 | Spider:1 | Entered Level 1 of the Spider Nest
  8668 | Spider:1 | Noticed an emperor scorpion
  8706 | Spider:1 | Killed an emperor scorpion
  8758 | Spider:1 | HP: 3/127 [demonic crawler (4)]
  8818 | Spider:1 | Reached XP level 15. HP: 23/134 MP: 5/18
  9044 | Spider:1 | Reached skill level 15 in Armour
  9062 | Spider:1 | Found a frozen archway.
  9073 | IceCv    | Entered an ice cave
  9631 | Spider:4 | Entered Level 4 of the Spider Nest
 10184 | Spider:4 | Reached skill level 10 in Invocations
 10208 | Spider:4 | Killed a ghost moth
 10245 | Spider:4 | Killed a ghost moth
 10268 | Spider:4 | Reached skill level 15 in Fighting
 10297 | Spider:4 | Got a gossamer rune of Zot
 10571 | Lair:2   | Found a staircase to the Shoals.
 10576 | Shoals:1 | Entered Level 1 of the Shoals
 10785 | Shoals:1 | Reached XP level 16. HP: 140/149 MP: 20/20
 11813 | Shoals:4 | Entered Level 4 of the Shoals
 11932 | Shoals:4 | Noticed Ilsuiw
 12325 | Shoals:4 | HP: 4/152 [drowned by a drowned soul[a merfolk avatar] (17)]
 12333 | Shoals:4 | HP: 3/152 [drowned by a drowned soul[a merfolk avatar] (16)]
 12447 | Shoals:4 | Slain by a faun

Vault maps used:
D:1:      dpeg_arrival_erosion
D:2:      ecumenical_altar_1, grunt_ministairs_2, bloody_trog, uniq_jessica
D:3:      nicolae_tso_carved_into_rock, uniq_grinder
D:4:      first_bread, serial_shops, shop
D:5:      grunt_temple_overflow_open, slow_altar_2,
          gammafunk_pakellas_cloud_experiment
D:6:      nicolae_overflow_crystal_walls, minivault_22, grunt_decor_fettered,
          kennysheep_generic_room_2
D:7:      serial_shops, shop, uniq_joseph
D:8:      serial_ice, serial_ice_g, serial_ice_l, serial_ice_o, serial_ice_f,
          serial_shops, kennysheep_mini_moat
D:9:      orc_0_dummy
D:10:     serial_shops, shop
D:11:     david_lair_shrubbed
D:12:     minmay_mutant_horseshoe, hangedman_stone_soup, grunt_ministairs_6
D:13:     david_vaults_4, uniq_sonja, uniq_maud, uniq_erolcha
D:14:     basic_altar, bh_walls_and_bars
D:15:     grunt_enter_depths_magical_seal, serial_corexii_hall,
          corexii_hall_statues_i, corexii_hall_statues_x, lemuel_flamethrower_1
Lair:1:   ldierk_geyser, infiniplex_staircase_pool_2, grunt_megastairs_5,
          uniq_erica, uniq_prince_ribbit2, uniq_harold, uniq_gastronok
Lair:2:   elwin_shoals_entry_rooms, nicolae_spider_entry_non_spiders,
          wad_woods_road_02, grunt_forest_large_clearings
Lair:3:   grunt_megastairs_1
Lair:4:   basic_altar, infiniplex_staircase_pool
Lair:5:   dpeg_slime_entry_enclosed_altar, lab_entry_generic, uniq_kirke
Lair:6:   grunt_lair_end_beastmaster, grunt_forest_small_clearing_treed
Shoals:1: uniq_aizul
Shoals:4: shoals_end_hangedman, shoals_ilsuiw_alternative,
          nicolae_shoals_stone_sculpture_thing
Spider:1: portal_ice_cave_entry_ice_statue_two
Spider:4: guppyfry_spider_rune
Orc:1:    special_room, uniq_josephine
Orc:2:    kennysheep_orc_mage_school, serial_shops, shop, basic_altar,
          uniq_snorg, uniq_donald, uniq_rupert
Abyss:2:  hangedman_stitches_earthworm, minivault_19, minivault_20
Lab:      labyrinth_hidden_loot, nicolae_lab_swirl, labyrinth_glass_1,
          lab_hedge, nicolae_lab_very_dead_end
IceCv:    ice_cave_statue_garden_chambered

Skill      XL: |  1  2  3  4  5  6  7  8  9 10 11 12 13 14 15 16 |
---------------+-------------------------------------------------+-----
Evocations     | 1 2 3 4 5 6 |  6.1
Axes           | 3 4 5 6 7 9 11 15 16 18 20 | 20.0
Armour         | 3 4 5 6 7 9 10 12 14 16 17 | 17.6
Invocations    | 2 3 4 5 7 8 9 10 12 | 12.0
Fighting       | 4 5 6 7 9 10 11 12 15 16 | 16.5
Dodging        | |  1.1
Shields        | |  0.5

Action                   |  1- 3 |  4- 6 |  7- 9 | 10-12 | 13-15 | 16-18 || total
-------------------------+-------+-------+-------+-------+-------+-------++-------
Melee: Hand axe          |    56 |    45 |   194 |   452 |   513 |       ||  1260
       Headbutt          |     6 |    12 |    28 |   107 |   278 |   101 ||   532
       Battleaxe         |       |       |       |       |   989 |   477 ||  1466
Throw: Throwing net      |       |       |       |       |     1 |     3 ||     4
Invok: Depart the Abyss  |     1 |       |       |     1 |       |       ||     2
       Banish            |       |       |       |    14 |    24 |       ||    38
       Corrupt           |       |       |       |       |     1 |       ||     1
 Abil: Evoke Berserk Rag |     2 |     2 |     8 |    12 |    21 |     4 ||    49
Evoke: Wand              |       |       |     2 |     3 |    16 |     4 ||    25
  Use: Scroll            |     5 |     1 |     2 |    10 |    23 |     8 ||    49
       Potion            |       |       |       |     2 |     8 |    13 ||    23
 Stab: Distracted        |       |       |       |       |     2 |       ||     2
       Petrified         |       |       |       |       |     3 |       ||     3
       Petrifying        |       |       |       |       |     2 |       ||     2
       Held in net/web   |       |       |       |       |       |     1 ||     1
  Eat: Chunk             |       |     4 |    16 |    18 |    40 |    14 ||    92
       Fruit             |       |       |       |     5 |     3 |       ||     8
       Royal jelly       |       |       |       |     1 |     1 |       ||     2
       Pizza             |       |       |       |     1 |     1 |       ||     2
       Beef jerky        |       |       |       |       |     2 |       ||     2
       Bread ration      |       |       |       |       |     3 |       ||     3
Armor: Leather armour    |    21 |       |       |       |       |       ||    21
       Ring mail         |       |    12 |       |       |       |       ||    12
       Chain mail        |       |    11 |   106 |   139 |       |       ||   256
       Troll leather arm |       |       |       |    44 |   172 |       ||   216
       Plate armour      |       |       |       |       |   909 |   343 ||  1252
Dodge: Dodged            |    47 |    25 |    68 |   149 |   661 |   264 ||  1214
Block: Shield            |       |       |       |       |   127 |       ||   127
